 Dungeon Crawl Stone Soup version 0.30-a0-358-g0d69a1922f (webtiles) character file.

Game seed: 14722537833258137467

124 Kinoniko the Chopper (level 5, -4/55 HPs)
             Began as an Ogre Berserker on Nov 9, 2022.
             Was a Believer of Trog.
             Killed from afar by an orc wizard (12 damage)
             ... with a puff of flame
             ... on level 3 of the Dungeon.
             The game lasted 00:02:39 (2597 turns).

Kinoniko the Chopper (Ogre Berserker)               Turns: 2597, Time: 00:02:39

Health: -4/55      AC:  3    Str: 23    XL:     5   Next: 8%
Magic:  5/5        EV: 14    Int:  8    God:    Trog [**....]
Gold:   71         SH:  0    Dex:  8    Spells: 4/4 levels left

rFire   . . .      SeeInvis .    a - +0 hand axe
rCold   . . .      Faith    .    (no shield)
rNeg    . . .      Spirit   .    b - +0 animal skin
rPois   .          Reflect  .    (helmet restricted)
rElec   .          Harm     .    (no cloak)
rCorr   .          Rampage  .    (gloves unavailable)
Will    ++...                    (boots unavailable)
Stlth   +.........               (no amulet)
HPRegen 1.29/turn                n - +4 ring of evasion
MPRegen 0.09/turn                l - ring of flight

@: strong-willed (expiring), on berserk cooldown, flying, regenerating
(expiring)
A: large, unfitting armour, tough skin 1
a: Renounce Religion, Berserk, Trog's Hand


You were on level 3 of the Dungeon.
You worshipped Trog.
Trog was pleased with you.
You visited 1 branch of the dungeon, and saw 3 of its levels.

You collected 71 gold pieces.

Inventory:

Hand Weapons
 a - a +0 hand axe (weapon)
Armour
 b - a +0 animal skin (worn)
Jewellery
 h - a +6 ring of intelligence
 l - a ring of flight (right hand)
 n - a +4 ring of evasion (left hand)
Scrolls
 d - 2 scrolls of blinking {unknown}
 e - a scroll of identify {unknown}
 f - 3 scrolls of silence {unknown}
 g - a scroll of brand weapon {unknown}
 i - a scroll of summoning {unknown}
 j - a scroll of fog {unknown}
 m - a scroll of enchant armour {unknown}
 o - a scroll of noise {unknown}
 p - a scroll of vulnerability {unknown}
Potions
 k - a potion of magic {unknown}


   Skills:
 + Level 4.9 Fighting
 * Level 5.1 Axes
 - Level 2.6 Dodging


You had 4 spell levels left.
You didn't know any spells.
Your spell library was empty.

Dungeon Overview and Level Annotations

Branches:
Dungeon (3/15)

Altars:

Shops:
D:2 (   D:3 :


Innate Abilities, Weirdness & Mutations

You are too large for most types of armour.
You have tough skin. (AC +1)


Message History

You feel yourself speed up.
You hear some strange, mumbled words.
A puff of flame appears from out of thin air!
The puff of flame misses you. The dart slug bites you.
* * * LOW HITPOINT WARNING * * *
Something hits you but does no damage.
You miss something. You hit the dart slug.
You hear some strange, mumbled words.
A puff of flame appears from out of thin air!
The puff of flame misses you. The dart slug launches a dart at you.
The slug dart hits you but does no damage.
Unknown command.
You miss something. You hit the dart slug but do no damage.
You hear some strange, mumbled words.
A puff of flame appears from out of thin air!
The puff of flame hits you.
* * * LOW HITPOINT WARNING * * *
The dart slug launches a dart at you. The slug dart hits you.
* * * LOW HITPOINT WARNING * * *
Unknown command.
You miss something. You hit the dart slug. Something hits you.
* * * LOW HITPOINT WARNING * * *
Unknown command.
Unknown command.
You miss something. You hit the dart slug.
You kill the dart slug!
Trog accepts your kill.
You feel the effects of Trog's Hand fading.
You hear some strange, mumbled words.
A puff of flame appears from out of thin air!
The puff of flame hits you.
* * * LOW HITPOINT WARNING * * *
Unknown command.
You completely miss something.
You hear some strange, mumbled words.
A puff of flame appears from out of thin air!
The puff of flame hits you!
You die...

# ####. .....##########
###..#.........
#.......#######.
.......))........
....####{......# ..
.......@.......# ....
....####†#####.# ######
#....#######.>....# . ......
#..............##.############
#...........w......)..........
#...............#..###########
#..............<..............
.............#####..#########
###.........................


There were no monsters in sight!

Vanquished Creatures
  An iguana (D:3)
  3 adders
  5 dart slugs
  4 orcs (D:3)
  3 endoplasms
  A giant cockroach (D:3)
  7 goblins
  3 hobgoblins
  2 jackals (D:1)
  4 quokkas
  7 ball pythons
  2 bats
  3 frilled lizards
  7 kobolds
  7 rats
59 creatures vanquished.

Vanquished Creatures (others)
  A demonic plant (D:2)
1 creature vanquished.

Grand Total: 60 creatures vanquished

Notes
Turn   | Place    | Note
-------+----------+-------------------------------------------
     0 | D:1      | Kinoniko the Ogre Berserker began the quest for the Orb.
     0 | D:1      | Reached XP level 1. HP: 24/24 MP: 1/1
   266 | D:1      | Reached XP level 2. HP: 18/32 MP: 2/2
   584 | D:1      | Reached skill level 4 in Axes
   647 | D:1      | Reached XP level 3. HP: 39/39 MP: 3/3
  1168 | D:2      | Found Nuuvasch's Weapon Shoppe.
  1358 | D:2      | Reached ** piety under Trog
  1488 | D:2      | Reached XP level 4. HP: 45/49 MP: 4/4
  1561 | D:2      | Found a faded altar of an unknown god.
  1561 | D:2      | Noticed a tormentor
  1618 | D:2      | You are sucked into a shaft and drop 1 floor!
  1823 | D:3      | Found Guefisaz's Book Emporium.
  2175 | D:3      | Reached skill level 5 in Axes
  2559 | D:3      | Reached XP level 5. HP: 55/55 MP: 5/5
  2597 | D:3      | Killed from afar by an orc wizard

Illustrated notes

Levels and vault maps discovered:
D:1:      sevenhm_arrival_forest_fort_small_3, layout_basic
D:2:      layout_rooms, serial_shops, shop,
          dreamdust_ecumenical_altar_sealed_demon
D:3:      layout_basic, serial_shops, shop, kennysheep_generic_room_8

Skill      XL: |  1  2  3  4 |
---------------+-------------+-----
Axes           | 4 5 |  5.1
Fighting       | |  4.9
Dodging        | |  2.6

Action                   |  1- 3 |  4- 6 || total
-------------------------+-------+-------++-------
Melee: Hand axe          |    85 |   114 ||   199
       Punch             |     1 |       ||     1
Invok: Berserk           |     1 |     2 ||     3
       Trog's Hand       |       |     1 ||     1
  Use: Potion            |       |     3 ||     3
 Stab: Sleeping          |       |     1 ||     1
Armor: Animal skin       |    28 |    24 ||    52
Dodge: Dodged            |    57 |    60 ||   117

Table legend: (Time is in decaauts)
 A = Elapsed time spent in this place.
 B = Non-inter-level travel time spent in this place.
 C = Inter-level travel time spent in this place.
 D = Time resting spent in this place.
 E = Time spent auto-exploring this place.
 F = Levels seen in this place.
 G = Mean time per level.
                   A        B        C        D        E       F      G
               +--------+--------+--------+--------+--------+-----+--------+
         Total |   2643 |   2606 |     37 |    177 |   2004 |   3 |  881.0 |
       Dungeon |   2643 |   2606 |     37 |    177 |   2004 |   3 |  881.0 |
               +--------+--------+--------+--------+--------+-----+--------+

Top non-repeatable levels by time:
     D:1: 1163 daAuts
     D:3: 892 daAuts
     D:2: 586 daAuts
